 Dungeon Crawl Stone Soup version 0.28-a0-751-gef3a642a4e (webtiles) character file.

Game seed: 3637184691118597054

2404 Johnny the Nimble (level 9, 0/94 HPs)
             Began as a Human Berserker on Oct 30, 2021.
             Was an Elder of Trog.
             Slain by a two-headed ogre (6 damage)
             ... on level 6 of the Dungeon.
             The game lasted 00:06:35 (9077 turns).

Johnny the Nimble (Human Berserker)                 Turns: 9077, Time: 00:06:36

Health: 0/94       AC: 12    Str: 20    XL:     9   Next: 75%
Magic:  9/9        EV: 11    Int:  7    God:    Trog [****..]
Gold:   187        SH:  0    Dex: 14    Spells: 8/8 levels left

rFire   . . .      SeeInvis +   a - +0 falchion
rCold   . . .      Faith    .   (no shield)
rNeg    . . .      Spirit   .   l - +1 chain mail {rPois}
rPois   +          Reflect  .   x - +1 hat {SInv}
rElec   .          Harm     .   b - +0 cloak
rCorr   .          Rampage  .   (no gloves)
Will    +....                   o - +0 pair of boots
Stlth   ..........              (no amulet)
HPRegen 0.25/turn               v - ring of willpower
MPRegen 0.11/turn               (no ring)

@: berserking (expiring), studying Dodging, very quick
A: no striking features
a: Renounce Religion, Berserk, Trog's Hand, Brothers in Arms


You were on level 6 of the Dungeon.
You worshipped Trog.
Trog was greatly pleased with you.
You visited 1 branch of the dungeon, and saw 7 of its levels.

You collected 376 gold pieces.
You spent 189 gold pieces at shops.

Inventory:

Hand Weapons
 a - a +0 falchion (weapon)
Missiles
 r - a throwing net (quivered)
Armour
 b - a +0 cloak (worn)
 l - a +1 chain mail of poison resistance (worn)
 o - a +0 pair of boots (worn)
 x - a +1 hat of see invisible (worn)
Jewellery
 v - a ring of willpower (left hand)
Scrolls
 c - 3 scrolls of amnesia {unknown}
 d - 2 scrolls of brand weapon {unknown}
 f - 3 scrolls of teleportation
 i - 3 scrolls of vulnerability
 j - a scroll of enchant weapon
 m - 2 scrolls of fear {unknown}
 p - a scroll of magic mapping {unknown}
 s - 2 scrolls of noise {unknown}
Potions
 e - a potion of haste
 g - 4 potions of degeneration {unknown}
 h - 5 potions of curing {unknown}
 k - 2 potions of attraction {unknown}
 n - 3 potions of lignification {unknown}
 u - a potion of mutation {unknown}
 w - 2 potions of berserk rage {unknown}


   Skills:
 - Level 3.0 Fighting
 - Level 10.0 Long Blades
 - Level 2.0 Armour
 + Level 10.7 Dodging
 - Level 3.1 Stealth


You had 8 spell levels left.
You didn't know any spells.
Your spell library was empty.

Dungeon Overview and Level Annotations

Branches:
Dungeon (7/15)
 Temple: D:4-7

Altars:
Sif Muna

Shops:
D:2 [   D:3 **(

Annotations:
D:3 3 runed translucent doors, paps's ghost, weakling DsGl
D:4 1 runed translucent door, StikS32's ghost, amateur MiFi


Message History

You hit the two-headed ogre.
The two-headed ogre is lightly wounded.
You slash the two-headed ogre!
The two-headed ogre is moderately wounded.
The sky beast barely misses you.
The two-headed ogre hits you with a +0 giant club!
The two-headed ogre barely misses you.
You are too injured to fight recklessly!
You are too injured to fight recklessly!
You are too injured to fight recklessly!
You are too injured to fight recklessly!
You are too injured to fight recklessly!
You are too injured to fight recklessly!
You are too injured to fight recklessly!
You are too injured to fight recklessly!
You are too injured to fight recklessly!
You are too injured to fight recklessly!
You are too injured to fight recklessly!
You are too injured to fight recklessly!
You are too injured to fight recklessly!
You are too injured to fight recklessly!
You are too injured to fight recklessly!
You slash the two-headed ogre!
The two-headed ogre is heavily wounded.
You barely miss the two-headed ogre.
The two-headed ogre is heavily wounded.
The sky beast hits you but does no damage.
You slash the two-headed ogre!
The two-headed ogre is severely wounded.
The two-headed ogre hits you with a +0 giant club!
The two-headed ogre barely misses you.
You slash the two-headed ogre!
The two-headed ogre is almost dead.
The sky beast completely misses you.
You slash the two-headed ogre!
The two-headed ogre is almost dead.
The two-headed ogre hits you with a +0 giant club!!
* * * LOW HITPOINT WARNING * * *
The two-headed ogre hits you with a +0 giant club.
You die...

)########.#.#.### ##...##
............#.#####.....#########
#########.###....................
#.# #.#####.....#########
#########.# #.# ##...##########
..........# #.# #............#
########### #.# #.............
######.######.##########..
#.......Y@O...# ##.
#.####.#####..# #. #.# #)# #..##
#. #<# #.# ##.#.## ## #.# #.#
##.###.## #.# #.###.## ##.## #.#
#....## ##.# #.# #####.## ##.##
#.# ##.###.##


You could see a two-headed ogre and a sky beast.

Vanquished Creatures
  A steam dragon (D:6)
  A water moccasin (D:6)
  An acid dragon (D:6)
  Duvessa (D:5)
  A sky beast (D:6)
  An orc warrior (D:6)
  5 ogres
  A phantom (D:5)
  A gnoll sergeant (D:6)
  2 scorpions (D:6)
  Dowan (D:5)
  A water moccasin skeleton (D:3)
  2 howler monkeys (D:7)
  A bullfrog zombie (D:5)
  2 centaur zombies
  5 hounds
  2 jellies
  An orc priest (D:4)
  A bullfrog skeleton (D:5)
  A gnoll shaman (D:4)
  3 iguanas
  4 orc wizards
  Robin (D:3)
  10 adders
  10 gnolls
  2 white imps
  2 ufetubi (D:5)
  2 adder skeletons (D:4)
  2 worms
  3 dart slugs
  21 orcs
  6 endoplasms
  20 goblins
  8 hobgoblins
  3 jackals (D:3)
  7 quokkas
  3 ball pythons
  7 bats
  3 frilled lizards (D:1)
  8 kobolds
  5 rats
162 creatures vanquished.

Vanquished Creatures (others)
  5 demonic plants (D:3)
  7 fungi (D:3)
  10 plants (D:3)
  A withered plant (D:3)
23 creatures vanquished.

Grand Total: 185 creatures vanquished

Notes
Turn   | Place    | Note
-------+----------+-------------------------------------------
     0 | D:1      | Johnny the Human Berserker began the quest for the Orb.
     0 | D:1      | Reached XP level 1. HP: 18/18 MP: 1/1
   380 | D:1      | Reached XP level 2. HP: 23/24 MP: 2/2
  1159 | D:1      | Reached XP level 3. HP: 14/29 MP: 3/3
  1887 | D:2      | Reached XP level 4. HP: 20/35 MP: 4/4
  1890 | D:2      | Reached ** piety under Trog
  2072 | D:2      | HP: 2/52 [goblin (1)]
  2749 | D:2      | Reached skill level 5 in Long Blades
  2879 | D:2      | Reached skill level 1 in Stealth
  2879 | D:2      | Reached XP level 5. HP: 29/41 MP: 5/5
  3116 | D:2      | Found Urorchot's Antique Armour Boutique.
  3319 | D:3      | Found Imyul's General Store.
  3354 | D:3      | Noticed Robin
  3540 | D:3      | Found Raode's General Store.
  3550 | D:3      | Bought a +1 chain mail of poison resistance for 189 gold
                  | pieces
  3648 | D:3      | Killed Robin
  3812 | D:3      | Found a runed translucent gate.
  3813 | D:3      | Found a runed translucent gate.
  3814 | D:3      | Found a runed translucent gate.
  3843 | D:3      | Noticed paps's ghost (weakling DsGl)
  3863 | D:3      | Reached XP level 6. HP: 30/47 MP: 6/6
  3992 | D:3      | Found a faded altar of an unknown god.
  4046 | D:3      | Noticed an ogre
  4053 | D:3      | Killed an ogre
  4053 | D:3      | Reached *** piety under Trog
  4270 | D:3      | Found Pouluk's Antique Weapon Emporium.
  4530 | D:4      | Reached XP level 7. HP: 52/52 MP: 7/7
  4838 | D:4      | Found a runed translucent door.
  4838 | D:4      | Noticed StikS32's ghost (amateur MiFi)
  5604 | D:4      | Reached XP level 8. HP: 58/58 MP: 8/8
  5941 | D:5      | Entered Level 5 of the Dungeon
  6133 | D:5      | Noticed Dowan
  6133 | D:5      | Noticed Duvessa
  6164 | D:5      | Killed Duvessa
  6214 | D:5      | Killed Dowan
  6934 | D:5      | Reached skill level 10 in Long Blades
  6944 | D:5      | Identified a scroll of acquirement
  6945 | D:5      | Acquired a manual of Dodging
  7372 | D:6      | Reached XP level 9. HP: 57/63 MP: 9/9
  7462 | D:6      | Reached skill level 5 in Dodging
  7746 | D:6      | Found a shimmering blue altar of Sif Muna.
  8414 | D:6      | Reached skill level 10 in Dodging
  8772 | D:7      | Reached **** piety under Trog
  9003 | D:7      | Noticed a kobold demonologist
  9003 | D:7      | Noticed a two-headed ogre
  9068 | D:7      | Noticed an ice devil
  9077 | D:6      | Slain by a two-headed ogre

Illustrated notes

Levels and vault maps discovered:
D:1:      dpeg_arrival_refuge, layout_basic
D:2:      layout_loops_ring, serial_shops, shop, chequers_jeans
D:3:      layout_rooms, shapermc_ecumenical_altar_gd, serial_shops,
          nicolae_diamond_shop, nicolae_shop_window_shopping, shop_coins,
          gammafunk_ghost_icy, uniq_robin
D:4:      layout_basic, hellmonk_ghost_happy_afterlife, grunt_ministairs_3,
          hangedman_decor_peaks_small, minmay_unequal
D:5:      layout_gridville, uniq_duvessa
D:6:      layout_loops_ring, lemuel_coloured_pillars_altar, chequers_garden,
          minmay_ogre_servants
D:7:      minmay_the_grid_octo_tiled_octocenter [minmay_the_grid_octo_teeth,
          minmay_the_grid_octo_toaster, minmay_the_grid_octo_empty,
          minmay_the_grid_octo_checkered, minmay_the_grid_octo_prize_big_c,
          minmay_the_grid_square_5x5_two, minmay_the_grid_square_5x5_bite,
          minmay_the_grid_square_5x5_misaligned,
          minmay_the_grid_square_5x5_six_small], layout_layer_cave,
          minmay_temple_entry_tees

Skill      XL: |  1  2  3  4  5  6  7  8  9 |
---------------+----------------------------+-----
Long Blades    | 4 5 6 8 10 | 10.0
Stealth        | 1 2 3 |  3.1
Dodging        | 4 10 | 10.7
Fighting       | |  3.0
Armour         | |  2.0

Action                   |  1- 3 |  4- 6 |  7- 9 || total
-------------------------+-------+-------+-------++-------
Melee: Falchion          |    83 |   156 |   467 ||   706
Throw: Throwing net      |       |       |     1 ||     1
Invok: Berserk           |     3 |     7 |    15 ||    25
       Trog's Hand       |       |     1 |     5 ||     6
  Use: Scroll            |       |       |     7 ||     7
 Stab: Sleeping          |       |     1 |       ||     1
Armor: Animal skin       |    17 |    19 |       ||    36
       Chain mail        |       |    36 |   224 ||   260
Dodge: Dodged            |    57 |   103 |   204 ||   364

Table legend: (Time is in decaauts)
 A = Elapsed time spent in this place.
 B = Non-inter-level travel time spent in this place.
 C = Inter-level travel time spent in this place.
 D = Time resting spent in this place.
 E = Time spent auto-exploring this place.
 F = Levels seen in this place.
 G = Mean time per level.
                   A        B        C        D        E       F      G
               +--------+--------+--------+--------+--------+-----+--------+
         Total |   9208 |   9026 |    182 |   2013 |   5688 |   7 | 1315.4 |
       Dungeon |   9208 |   9026 |    182 |   2013 |   5688 |   7 | 1315.4 |
               +--------+--------+--------+--------+--------+-----+--------+

Top non-repeatable levels by time:
     D:2: 1933 daAuts
     D:6: 1510 daAuts
     D:4: 1503 daAuts
     D:1: 1491 daAuts
     D:5: 1318 daAuts
     D:3: 1143 daAuts
     D:7: 308 daAuts
